Map: [ESL] Inside and Out

Players

HeroMarine - Winner!

  • Race: Terran Terran
  • Spawn Location: 1:00

Zoun

  • Race: Protoss Protoss
  • League: Diamond
  • Spawn Location: 7:00

Event: TSL 9

VOD

Have the link to the VOD?

Description

Time

  • Played on: Sept. 2, 2022, 10:40 a.m.
  • Length: 9:15

All games in this series

Show
View Real Time Build Order
Export as new Build Order

HeroMarine Terran - Winner!

Build Orders:  

Get SALT Encoding   

  12  0:00  SCV  
  13  0:12  SCV  
  14  0:17  Supply Depot  
  14  0:24  SCV  
  15  0:38  SCV  
  16  0:43  Barracks  
  16  0:47  Refinery  
  16  0:50  SCV  
  16  0:54  Refinery  
  17  1:02  SCV  
  18  1:15  SCV  
  19  1:26  Supply Depot  
  19  1:30  Reaper  
  19  1:31  Orbital Command  
  20  1:43  Factory  
  20  1:57  SCV  
  21  2:02  Barracks Reactor  
  21  2:09  SCV  
  22  2:20  Command Center  
  22  2:22  SCV  
  23  2:30  Starport  
  23  2:34  SCV  
  24  2:39  Supply Depot  
  24  2:44  Marine x2  
  24  2:46  SCV  
  27  2:52  Widow Mine  
  29  2:59  SCV  
  29  3:02  Marine x2  
  32  3:06  Medivac  
  32  3:11  SCV  
  35  3:13  Factory Reactor  
  35  3:16  Widow Mine  
  37  3:20  Marine  
  37  3:21  Marine  
  39  3:32  SCV  
  40  3:38  Marine  
  40  3:39  Marine  
  41  3:41  Factory Tech Lab  
  41  3:43  Viking  
  41  3:44  SCV  
  44  3:53  Orbital Command  
  42  3:56  SCV  
  42  4:08  SCV  
  43  4:12  Siege Tank  
  46  4:18  Marine x2  
  46  4:20  SCV  
  49  4:27  SCV  
  50  4:32  SCV  
  50  4:33  Starport Tech Lab  
  50  4:35  Barracks  
  50  4:37  Supply Depot  
  52  4:41  SCV  
  53  4:49  SCV  
  53  4:51  Marine  
  54  4:58  SCV, Siege Tank, Marine  
  59  5:01  Supply Depot, SCV  
  59  5:06  Raven  
  62  5:15  Engineering Bay  
  62  5:16  Barracks  
  62  5:23  SCV x2, Marine x2  
  62  5:26  Supply Depot  
  66  5:35  SCV x2  
  66  5:37  Stimpack  
  66  5:38  Marine  
  66  5:40  Marine x2  
  69  5:47  SCV  
  69  5:48  SCV  
  69  5:49  Terran Infantry Weapons Level 1  
  71  5:52  Supply Depot  
  71  5:53  Refinery  
  71  5:56  Marine  
  71  5:58  Marine x2  
  71  5:59  SCV  
  71  6:00  SCV, Factory Reactor  
  76  6:04  Refinery  
  76  6:05  Starport Reactor  
  75  6:11  SCV  
  75  6:12  SCV, Marine  
  75  6:14  Marine  
  75  6:16  Marine  
  75  6:17  Combat Shield  
  79  6:19  Marine  
  79  6:23  SCV  
  79  6:24  SCV  
  80  6:30  Marine  
  80  6:31  Marine  
  79  6:34  Marine  
  79  6:36  SCV x2, Marine  
  80  6:48  SCV x2, Medivac, Marauder  
  80  6:52  Supply Depot  
  86  6:57  Marine  
  86  7:00  Supply Depot  
  87  7:01  Supply Depot  
  87  7:07  Supply Depot  
  87  7:08  Command Center  
  86  7:13  Medivac, Marauder x2  
  92  7:17  Concussive Shells  
  92  7:19  SCV x2  
  92  7:22  Marine x2  
  95  7:25  Medivac  
  98  7:31  SCV x2  
  98  7:35  Marauder x2  
  104  7:39  Marine  
  104  7:40  Marine  
  104  7:43  SCV x2  
  98  7:56  Marauder x2  
  98  7:57  Marine  
  98  7:58  Barracks, Marine  
  103  8:01  Barracks  
  103  8:02  Medivac x2  
  108  8:06  Widow Mine x2  
  108  8:11  SCV x2  
  114  8:15  Missile Turret, Marine  
  114  8:18  Marauder  
  115  8:23  SCV x2  
  115  8:26  Marauder  
  117  8:30  Marine  
  117  8:32  Widow Mine x2  
  119  8:35  SCV  
  119  8:36  SCV  
  119  8:39  Medivac  
  119  8:40  Medivac  
  124  8:48  SCV x2  
  126  8:49  Marauder x2  
  126  8:52  SCV  
  126  8:53  Marine  
  126  8:54  Barracks Reactor, Barracks Tech Lab, Marine  
  133  9:00  SCV  
  133  9:01  SCV  
Show
View Real Time Build Order
Export as new Build Order

Zoun Protoss 

Build Orders: 1 Gate Expand, Oracle Opening 

Get SALT Encoding   

  12  0:00  Probe  
  13  0:12  Probe  
  14  0:18  Pylon  
  14  0:24  Probe  
  15  0:36  Probe (Chrono Boost)  
  15  0:39  Gateway  
  16  0:45  Probe (Chrono Boost)  
  17  0:51  Probe  
  17  0:52  Assimilator  
  18  1:03  Probe  
  19  1:15  Probe  
  20  1:27  Cybernetics Core  
  20  1:37  Nexus  
  20  1:38  Probe  
  21  1:46  Pylon  
  21  1:50  Probe  
  22  1:55  Assimilator  
  22  2:02  Adept (Chrono Boost)  
  22  2:08  Probe  
  24  2:20  Probe  
  24  2:22  Stargate  
  25  2:26  Adept  
  27  2:32  Probe  
  27  2:36  Warp Gate  
  28  2:47  Probe (Chrono Boost)  
  28  2:50  Probe (Chrono Boost)  
  30  2:56  Adept  
  33  2:59  Probe (Chrono Boost)  
  33  3:00  Probe (Chrono Boost)  
  34  3:06  Oracle (Chrono Boost)  
  34  3:08  Probe  
  34  3:10  Probe  
  39  3:15  Pylon  
  39  3:20  Probe  
  39  3:22  Probe  
  41  3:31  Twilight Council  
  41  3:32  Probe  
  42  3:34  Probe  
  43  3:43  Gateway  
  43  3:45  Probe  
  43  3:46  Probe  
  45  3:57  Probe  
  45  3:58  Probe  
  44  4:04  Blink (Chrono Boost)  
  44  4:07  Gateway  
  44  4:09  Probe  
  45  4:12  Probe  
  45  4:15  Shield Battery, Assimilator  
  46  4:21  Phoenix, Probe  
  46  4:26  Pylon  
  45  4:42  Stalker  
  45  4:43  Probe  
  48  4:46  Probe  
  48  4:48  Gateway  
  49  4:53  Stalker  
  49  4:55  Probe  
  49  4:59  Probe  
  52  5:05  Stalker  
  55  5:07  Probe  
  55  5:10  Stalker  
  55  5:13  Pylon  
  57  5:18  Stalker  
  57  5:19  Probe x2  
  61  5:27  Pylon  
  59  5:37  Stalker  
  59  5:39  Nexus  
  61  5:47  Stalker x2  
  65  5:51  Stalker  
  67  6:00  Stalker  
  67  6:02  Pylon  
  69  6:04  Pylon  
  69  6:14  Probe  
  69  6:17  Pylon  
  60  6:28  Stalker x4  
  60  6:30  Probe  
  60  6:31  Assimilator  
  59  6:34  Probe  
  60  6:42  Probe  
  60  6:46  Templar Archives  
  60  6:47  Probe  
  60  6:51  Gateway  
  60  6:52  Stalker x2  
  60  6:53  Gateway  
  64  6:56  Stalker  
  66  7:08  Gateway  
  66  7:10  Gateway, Psionic Storm  
  66  7:15  Zealot  
  68  7:16  Stalker  
  70  7:23  Shield Battery  
  67  7:33  Charge (Chrono Boost)  
  67  7:34  Probe x3  
  67  7:36  Stalker  
  66  7:46  Probe (Chrono Boost)  
  66  7:47  Probe (Chrono Boost)  
  66  7:50  Probe (Chrono Boost)  
  67  7:52  Pylon  
  68  7:58  Probe (Chrono Boost)  
  68  8:00  Probe (Chrono Boost)  
  68  8:02  Probe (Chrono Boost)  
  68  8:04  High Templar  
  72  8:06  Probe (Chrono Boost)  
  72  8:07  Probe (Chrono Boost)  
  72  8:09  Zealot x2  
  78  8:18  Zealot x3  
  84  8:23  Probe x3  
  81  8:31  Stalker x2  
  83  8:35  Stalker  
  85  8:45  Zealot x2, High Templar  
  87  8:50  Zealot, Archon  
  85  8:56  Zealot  
Tags
 
Add a new tag
Caveats
  • Supply blocks, unpowered buildings, or Contaminate may cause inaccurate times.
  • Supply counts are checked every 10 seconds.